 Dungeon Sprint DCSS version 0.26-a0-863-g3bff4b215c (webtiles) character file.

Game seed: 7154582500770244231

460598 sahdkjhfkaj the Swordmaster (level 19, 241/241 HPs)
             Began as a Naga Transmuter on Nov 25, 2020.
             Was the Champion of Cheibriados.
             Escaped with the Orb!
             The game lasted 00:12:30 (4367 turns).

sahdkjhfkaj the Swordmaster (Naga Transmuter)       Turns: 4367, Time: 00:12:30

Health: 241/241    AC: 31    Str: 43    XL:     19   Next: 15%
Magic:  36/36      EV: 17    Int: 28    God:    Cheibriados [******]
Gold:   0          SH: 34    Dex: 30    Spells: 25/28 levels left

rFire    + + +     SeeInvis +   a - +7 Singing Sword {vorpal, sonic wave}
rCold    + + +     Faith    .   D - +18 shield of the Gong {rElec rN+ MR+ EV-5}
rNeg     + . .     Spirit   .   E - +5 gold dragon scales
rPois    +         Reflect  .   (no helmet)
rElec    +         Harm     .   (no cloak)
rCorr    +         Rampage  .   F - +2 pair of gloves "Azxeipic" {rC+}
MR       ++++.     NoTele   +   (no barding)
Stlth    ..........             G - amulet of Vitality {Regen+ HP+15}
HPRegen  0.90/turn              y - +6 ring of strength
MPRegen  0.25/turn              K - ring "Xikkick" {Wiz rF+ MR+ Dex+4}

@: mighty, brilliant, resistant, wereblooded, very slightly contaminated,
invisible, very slow
A: large, see invisible, deformed body, poison resistance, slowness 2, spit
poison 1, constrict 1, AC +6
0: Orb of Zot
a: Spit Poison, Bend Time, Temporal Distortion, Slouch, Step From Time, Renounce
Religion


You escaped.
You worshipped Cheibriados.
Cheibriados was exalted by your worship.
You visited 1 branch

Inventory:

Hand Weapons
 a - the +7 Singing Sword (weapon) {vorpal, sonic wave}
   (You found it in the Dungeon)

   It inflicts extra damage upon your enemies.
Armour
 D - the +18 shield of the Gong (worn) {rElec rN+ MR+ EV-5}
   (You found it in the Dungeon)

   It affects your evasion (-5).
   It insulates you from electricity.
   It protects you from negative energy.
   It affects your resistance to hostile enchantments.
 E - +5 gold dragon scales (worn)
 F - the +2 pair of gloves "Azxeipic" (worn) {rC+}
   (You found it in the Dungeon)

   It protects you from cold.
Jewellery
 s - an uncursed ring of flight
 t - a +6 ring of dexterity
 u - a +6 ring of dexterity
 v - a +6 ring of intelligence
 w - a +6 ring of intelligence
 x - a +6 ring of strength
 y - a +6 ring of strength (left hand)
 G - the amulet of Vitality (around neck) {Regen+ HP+15}
   (You found it in the Dungeon)

   [amulet of regeneration]

   It affects your health (+15).
   It increases your rate of regeneration.
 H - an uncursed amulet of guardian spirit
 I - an uncursed ring of protection from cold
 J - the ring of Shadows {Umbra +Inv Stlth+}
   (You found it in the Dungeon)

   [ring of stealth]

   It lets you turn invisible.
   It makes you more stealthy.
 K - the ring "Xikkick" (right hand) {Wiz rF+ MR+ Dex+4}
   (You acquired it in the Dungeon)

   [ring of wizardry]

   It improves your spell success rate.
   It affects your dexterity (+4).
   It protects you from fire.
   It affects your resistance to hostile enchantments.
Wands
 k - a wand of flame (14)
 z - a wand of disintegration (7)
 A - a wand of iceblast (7)
 B - a wand of acid (7)
Scrolls
 h - 2 scrolls of blinking {!r}
 m - 4 scrolls of amnesia {!r}
 n - 7 scrolls of fog {!r}
 o - a scroll of holy word {!r}
 p - 5 scrolls of identify {!r}
 q - 5 scrolls of remove curse {!r}
 r - 2 scrolls of fear {!r}
Potions
 b - a potion of brilliance {!q}
 c - 9 potions of curing {!q}
 d - 2 potions of heal wounds {!q}
 e - 10 potions of haste {!q}
 f - 6 potions of magic {!q}
 g - 3 potions of berserk rage {!q}
 i - a potion of invisibility {!q}
 j - 3 potions of resistance {!q}
 l - 4 potions of might {!q}
Miscellaneous
 C - a lightning rod (4/4)


   Skills:
 O Level 27 Fighting
 O Level 27 Long Blades
 - Level 18.7 Armour
 - Level 18.8 Dodging
 - Level 9.0 Shields
 - Level 3.0 Unarmed Combat
 - Level 5.0 Spellcasting
 - Level 5.0 Transmutations
 O Level 27 Invocations
 + Level 15.9 Evocations


You had 25 spell levels left.
You knew the following spells:

 Your Spells              Type           Power        Failure   Level
a - Beastly Appendage     Tmut           ######       1%          1
W - Wereblood             Tmut           ######..     2%          2

Your spell library contained the following spells:

 Spells                   Type           Power        Failure   Level
 Spider Form              Tmut/Pois      ####......   16%         3
 Ice Form                 Ice/Tmut       ####....     45%         4
 Blade Hands              Tmut           ######....   45%         5


Dungeon Overview and Level Annotations

Branches:
Dungeon (1/1)

Altars:
Ashenzari
Cheibriados
Dithmenos
Elyvilon
Fedhas
Gozag
Hepliaklqana
Kikubaaqudgha
Makhleb
Nemelex Xobeh
Okawaru
Qazlal
Ru
Sif Muna
Trog
Uskayaw
Vehumet
Wu Jian
Xom
Yredelemnul
Zin
The Shining One
Beogh
Jiyva
Lugonu


Innate Abilities, Weirdness & Mutations

You cannot wear boots.
Your serpentine skin is tough. (AC +6)
You have supernaturally acute eyesight. (SInv)
Armour fits poorly on your strangely shaped body.
Your system is resistant to poisons. (rPois)
You cover ground very slowly.
You can spit poison.
You can use your snake-like lower body to constrict enemies.


Message History

You kill the shadow demon!
Cheibriados thoroughly appreciates the change of pace.
The ynoxinul disappears in a puff of smoke!
The chaos spawn degenerates into a cloud of primal chaos!
The smoke demon disappears in a puff of smoke! x2
There is a staircase leading out of the dungeon here.
Casting: Wereblood (safe; 2% risk of failure)
Confirm with . or Enter, or press ? or * to list all spells.
Your blood is freshly infused with primal strength!
Really quaff
b - 2 potions of brilliance {!q}?
You feel clever all of a sudden.
Really quaff
i - 2 potions of invisibility {!q}?
You fade into invisibility!
You are very lightly contaminated with residual magic.
Really quaff
j - 4 potions of resistance {!q}?
You feel protected.
Really quaff
l - 5 potions of might {!q}?
You feel very mighty all of a sudden.
Magic restored.
You have escaped!

............▓.....))†.....▓...8©8
............▓.....).......▓..}}))
............▓.............▓..))||
............▓.............▓....))
............▓......©......▓......
............▓▓▓▓▓▓▓▓▓▓▓▓▓▓▓...)).
............▓8888888888888▓..).))
▓.......▓...▓8........)..8▓).▓...
............▓8..@.....©.)8▓......
............▓8........)).8▓...)©)
....©.......▓8888888888888▓▓▓▓▓▓▓
▓▓▓▓▓▓▓▓▓▓▓▓▓▓▓▓▓▓▓▓▓▓▓▓▓▓▓▓▓▓▓▓▓
.....8©8........ ......8©8.....
[[|[)}|})[}:|:|.


|):|})[:::})== =))}}["})["))::. )})!=[))))})"} "))[|[=)!)}:)[). )|:|})[=.)}[[[
................ .....[=)[).†.. There were no monsters in sight!

Vanquished Creatures
  A juggernaut (shapeshifter) (D)
  2 pandemonium lords (D)
  4 shard shrikes (shapeshifter) (D)
  3 shard shrikes (D)
  5 golden dragons (D)
  Nikola (D)
  A golden dragon (shapeshifter) (D)
  An Ice Fiend (D)
  A lich (D)
  2 quicksilver dragons (D)
  An acid blob (shapeshifter) (D)
  3 acid blobs (D)
  4 shadow dragons (D)
  2 nagarajas (D)
  An orc warlord (D)
  A frost giant (D)
  5 ghost moths (D)
  3 iron dragons (D)
  Louise (D)
  4 balrugs (D)
  6 reapers (D)
  A stone giant (shapeshifter) (D)
  An entropy weaver (shapeshifter) (D)
  A dire elephant (D)
  A bunyip (shapeshifter) (D)
  2 spark wasps (D)
  2 blizzard demons (D)
  7 death oozes (D)
  4 fire dragons (D)
  3 great orbs of eyes (D)
  13 hydras (D)
  2 yaktaur captains (D)
  6 ice dragons (D)
  2 naga warriors (D)
  Harold (D)
  A two-headed ogre (shapeshifter) (D)
  A boulder beetle (D)
  A boulder beetle (shapeshifter) (D)
  4 anacondas (D)
  3 catoblepae (D)
  A hell hog (D)
  A spriggan berserker (D)
  A two-headed ogre (D)
  A shock serpent (shapeshifter) (D)
  Urug (D)
  6 death yaks (D)
  Sonja (D)
  A wretched star (D)
  A soul eater (D)
  A hell knight (D)
  An orc high priest (D)
  A sixfirhy (D)
  A sea snake (shapeshifter) (D)
  4 skeletal warriors (D)
  A shadow demon (D)
  A flayed ghost (D)
  A glowing orange brain (D)
  2 unseen horrors (shapeshifter) (D)
  6 swamp dragons (D)
  A phantasmal warrior (D)
  6 orb spiders (D)
  A salamander (shapeshifter) (D)
  An orc sorcerer (D)
  4 cyclopes (D)
  2 wolf spiders (shapeshifter) (D)
  A shining eye (D)
  5 wolf spiders (D)
  11 moths of wrath (D)
  4 elephants (D)
  2 manticores (shapeshifter) (D)
  An elephant (shapeshifter) (D)
  3 draconians (D)
  Joseph (D)
  5 black mambas (D)
  5 naga magi (D)
  A guardian serpent (shapeshifter) (D)
  A torpor snail (D)
  A guardian serpent (D)
  Psyche (D)
  3 eyes of devastation (D)
  8 cane toads (D)
  5 komodo dragons (D)
  A smoke demon (D)
  2 hellwings (D)
  7 rime drakes (D)
  A komodo dragon (shapeshifter) (D)
  3 tormentors (D)
  5 hellions (D)
  8 freezing wraiths (D)
  11 ice devils (D)
  8 red devils (D)
  7 demonic crawlers (D)
  3 polar bears (D)
  6 jumping spiders (D)
  8 merfolk (D)
  2 trolls (D)
  13 hornets (D)
  A troll (shapeshifter) (D)
  9 blink frogs (D)
  A wind drake (D)
  A blink frog (shapeshifter) (D)
  19 slime creatures (D)
  2 dream sheep (D)
  3 flying skulls (D)
  A tarantella (shapeshifter) (D)
  3 tarantellas (D)
  3 wraiths (D)
  9 redbacks (D)
  10 yaks (D)
  6 wyverns (D)
  A golden eye (shapeshifter) (D)
  A steam dragon (D)
  2 golden eyes (D)
  3 basilisks (D)
  A naga (D)
  A swamp worm (shapeshifter) (D)
  2 wargs (D)
  4 acid dragons (D)
  17 water moccasins (D)
  3 hell hounds (D)
  Duvessa (D)
  3 swamp drakes (D)
  6 orc warriors (D)
  2 ice beasts (D)
  An eye of draining (D)
  A phantom (D)
  3 ogres (D)
  A centaur (D)
  2 wolves (D)
  A gnoll sergeant (D)
  A bullfrog (D)
  Dowan (D)
  3 scorpions (D)
  A wight (D)
  4 crimson imps (D)
  4 quasits (D)
  9 jellies (D)
  2 orc wizards (D)
  Jessica (D)
  A mummy (D)
  An adder (D)
  A shadow imp (D)
  13 white imps (D)
  2 ufetubi (D)
  2 oozes (D)
  7 adder zombies (D)
  9 adder skeletons (D)
  16 bat skeletons (D)
  8 bat zombies (D)
  2 ball pythons (D)
  A ball python skeleton (D)
  A ball python zombie (D)
  A bat simulacrum (D)
  4 giant cockroach zombies (D)
  A jackal skeleton (D)
  A jackal zombie (D)
  4 leopard gecko skeletons (D)
  2 leopard gecko zombies (D)
  A quokka skeleton (D)
  A quokka zombie (D)
528 creatures vanquished.

Vanquished Creatures (others)
  A rime drake (D)
  A flying skull (D)
  3 bat skeletons (D)
5 creatures vanquished.

Grand Total: 533 creatures vanquished

Notes
Turn   | Place    | Note
-------+----------+-------------------------------------------
     0 | D        | sahdkjhfkaj the Naga Transmuter began the quest for the
                  | Orb.
     0 | D        | Reached XP level 1. HP: 18/18 MP: 3/3
     0 | D        | Found a shimmering blue altar of Sif Muna.
     0 | D        | Found a sacrificial altar of Ru.
     0 | D        | Found a bloodstained altar of Trog.
     0 | D        | Found a stormy altar of Qazlal.
     0 | D        | Found an iron altar of Okawaru.
     0 | D        | Found a sparkling altar of Nemelex Xobeh.
     0 | D        | Found a blossoming altar of Fedhas.
     1 | D        | Found the +6 Majin-Bo {vamp, MP+6 Int+6}
     1 | D        | Found the +9 heavy crossbow "Sniper" {vorpal, Acc+∞ SInv}
     1 | D        | Found the +10 dark maul {vorpal}
     1 | D        | Found the +15 Maxwell's patent armour {-Cast -Tele rElec
                  | MR+ rCorr}
     1 | D        | Found the +18 shield of the Gong {rElec rN+ MR+ EV-5}
     1 | D        | Found the cursed +14 obsidian axe {vorpal, +Fly SInv
                  | *Curse}
     1 | D        | Found the +7 great mace "Firestarter" {inner flame, rF++}
     1 | D        | Found the +6 shillelagh "Devastator" {shatter}
     1 | D        | Found the +11 plutonium sword {*Contam Stlth-}
     1 | D        | Found the +8 lance "Wyrmbane" {slay drac, rPois rF+ rC+
                  | AC+3}
     1 | D        | Found the +9 sword of Zonguldrok {reap}
     1 | D        | Found the cursed +13 scythe of Curses {drain, *Curse}
     1 | D        | Found the +0 sword of Power
     1 | D        | Found the +7 mace of Variability {chain chaos}
     1 | D        | Found the +7 Singing Sword {vorpal, sonic wave}
     1 | D        | Found the +8 storm bow {elec, penet}
     2 | D        | Found a transporter.
     2 | D        | Found an ancient bone altar of Kikubaaqudgha.
     2 | D        | Found a viscous altar of Jiyva.
     2 | D        | Found a corrupted altar of Lugonu.
     2 | D        | Found a hazy altar of Hepliaklqana.
     2 | D        | Found a burning altar of Makhleb.
     2 | D        | Found an opulent altar of Gozag.
    86 | D        | Became a worshipper of Cheibriados the Contemplative
   108 | D        | Entered arena 2.
   108 | D        | Noticed a phantom
   108 | D        | Found a transporter.
   112 | D        | Reached skill level 1 in Long Blades
   112 | D        | Reached skill level 1 in Shields
   118 | D        | Killed a phantom
   118 | D        | Reached * piety under Cheibriados
   119 | D        | Reached XP level 2. HP: 28/28 MP: 5/5
   119 | D        | Reached XP level 3. HP: 34/34 MP: 6/6
   119 | D        | Reached XP level 4. HP: 42/42 MP: 7/7
   123 | D        | Entered arena 3.
   123 | D        | Noticed a draconian
   123 | D        | Noticed a draconian
   123 | D        | Noticed a draconian
   123 | D        | Found a transporter.
   130 | D        | Killed a draconian
   131 | D        | Reached skill level 5 in Fighting
   131 | D        | Reached XP level 5. HP: 40/52 MP: 8/8
   131 | D        | Reached XP level 6. HP: 47/61 MP: 9/9
   131 | D        | Reached XP level 7. HP: 52/67 MP: 10/10
   132 | D        | Killed a draconian
   132 | D        | Killed a draconian
   132 | D        | Reached ** piety under Cheibriados
   133 | D        | Reached skill level 5 in Armour
   133 | D        | Reached skill level 5 in Dodging
   133 | D        | Reached XP level 8. HP: 55/78 MP: 11/11
   232 | D        | Entered arena 4.
   232 | D        | Noticed a jumping spider
   232 | D        | Found a transporter.
   233 | D        | Killed a jumping spider
   233 | D        | Reached *** piety under Cheibriados
   234 | D        | Reached skill level 10 in Long Blades
   242 | D        | Entered arena 5.
   242 | D        | Found a transporter.
   244 | D        | Reached **** piety under Cheibriados
   252 | D        | Entered arena 6.
   252 | D        | Noticed a wretched star
   252 | D        | Found a transporter.
   254 | D        | Reached ***** piety under Cheibriados
   255 | D        | Reached XP level 9. HP: 86/86 MP: 8/10
   257 | D        | Killed a wretched star
   257 | D        | Reached ****** piety under Cheibriados
   277 | D        | Entered arena 7.
   277 | D        | Noticed a yaktaur captain
   277 | D        | Noticed a cyclops
   277 | D        | Noticed a cyclops
   277 | D        | Noticed a cyclops
   277 | D        | Noticed a yaktaur captain
   280 | D        | Found a transporter.
   282 | D        | Killed a yaktaur captain
   285 | D        | Killed a yaktaur captain
   286 | D        | Reached XP level 10. HP: 49/99 MP: 8/13
   286 | D        | Killed a cyclops
   287 | D        | Reached skill level 5 in Invocations
   287 | D        | Killed a cyclops
   289 | D        | Killed a cyclops
   463 | D        | Learned a level 2 spell: Wereblood
   472 | D        | Entered arena 8.
   472 | D        | Noticed an eye of devastation
   473 | D        | Found a transporter.
   480 | D        | Killed an eye of devastation
   629 | D        | Entered arena 9.
   629 | D        | Noticed Etwonah the pandemonium lord
   629 | D        | Noticed a sixfirhy
   630 | D        | Found a transporter.
   632 | D        | Killed a sixfirhy
   633 | D        | Reached skill level 10 in Fighting
   641 | D        | Killed Etwonah the pandemonium lord
   642 | D        | Reached skill level 15 in Long Blades
   642 | D        | Reached XP level 11. HP: 27/111 MP: 10/17
   928 | D        | Entered arena 10.
   928 | D        | Noticed Ziqah the pandemonium lord
   931 | D        | Found a transporter.
   934 | D        | Reached skill level 10 in Dodging
   937 | D        | Killed Ziqah the pandemonium lord
   938 | D        | Reached skill level 10 in Armour
   938 | D        | Reached skill level 10 in Invocations
   938 | D        | Reached XP level 12. HP: 75/122 MP: 2/19
  1084 | D        | Entered arena 11.
  1085 | D        | Found a transporter.
  1333 | D        | Entered arena 12.
  1334 | D        | Noticed a ghost moth
  1340 | D        | Killed a ghost moth
  1344 | D        | Found a transporter.
  1560 | D        | Got the +2 pair of gloves "Azxeipic" {rC+}
  1608 | D        | Gained mutation: You can use your snake-like lower body to
                  | constrict enemies. [Naga growth]
  1608 | D        | Reached XP level 13. HP: 133/133 MP: 22/22
  1609 | D        | Entered arena 13.
  1609 | D        | Noticed Urug
  1609 | D        | Noticed Sonja
  1609 | D        | Noticed Jessica
  1609 | D        | Noticed Louise
  1609 | D        | Noticed Joseph
  1609 | D        | Noticed Duvessa
  1609 | D        | Noticed Nikola
  1609 | D        | Noticed Psyche
  1610 | D        | Noticed Harold
  1610 | D        | Noticed Dowan
  1613 | D        | Killed Sonja
  1613 | D        | Killed Jessica
  1613 | D        | Killed Psyche
  1614 | D        | Killed Duvessa
  1614 | D        | Killed Dowan
  1615 | D        | Killed Joseph
  1615 | D        | Killed Urug
  1615 | D        | Killed Harold
  1616 | D        | Killed Louise
  1620 | D        | Killed Nikola
  1621 | D        | Reached skill level 15 in Fighting
  1621 | D        | Reached XP level 14. HP: 106/147 MP: 2/23
  1638 | D        | Found a transporter.
  1719 | D        | Entered arena 14.
  1730 | D        | Found a transporter.
  1869 | D        | Entered arena 15.
  1871 | D        | Found the amulet of Vitality {Regen+ HP+15}
  1875 | D        | Reached skill level 5 in Spellcasting
  1875 | D        | Reached skill level 5 in Transmutations
  1876 | D        | Found a transporter.
  2195 | D        | Entered arena 16.
  2197 | D        | Noticed a frost giant
  2204 | D        | Killed a frost giant
  2210 | D        | Found a transporter.
  2296 | D        | Entered arena 17.
  2307 | D        | Found a transporter.
  2389 | D        | Entered arena 18.
  2401 | D        | Found a transporter.
  2435 | D        | Entered arena 19.
  2438 | D        | Noticed a nagaraja
  2439 | D        | Identified the amulet of Unalluc {Reflect rPois Int+2
                  | Slay+2 SH+5}
  2439 | D        | Noticed a nagaraja
  2443 | D        | Reached XP level 15. HP: 154/159 MP: 18/24
  2448 | D        | Killed a nagaraja
  2449 | D        | Reached skill level 15 in Armour
  2449 | D        | Reached skill level 15 in Dodging
  2454 | D        | Killed a nagaraja
  2455 | D        | Found a transporter.
  2568 | D        | Entered arena 20.
  2573 | D        | Identified the ring "Raklataase" {rPois Str+3 Stlth-}
  2573 | D        | Identified the +8 hand axe "Erameoco" {pain, rC+ Int+4
                  | Dex+4}
  2573 | D        | Identified the ring "Asys Adu" {Fire rPois Str+2 Slay+2
                  | Stlth+}
  2573 | D        | Noticed an orc warlord
  2574 | D        | Found the ring of Shadows {Umbra +Inv Stlth+}
  2577 | D        | Found a transporter.
  2582 | D        | Killed an orc warlord
  2657 | D        | Entered arena 21.
  2668 | D        | Found a transporter.
  2727 | D        | Entered arena 22.
  2731 | D        | Noticed a shard shrike
  2731 | D        | Noticed a shard shrike
  2731 | D        | Noticed a shard shrike
  2731 | D        | Noticed a titan
  2731 | D        | Noticed a glowing shapeshifter
  2732 | D        | Noticed a shard shrike
  2732 | D        | Noticed a shard shrike
  2732 | D        | a glowing shapeshifter changed into a shard shrike
  2732 | D        | Noticed a juggernaut
  2732 | D        | a shard shrike changed into a juggernaut
  2732 | D        | Noticed a shard shrike
  2732 | D        | a titan changed into a shard shrike
  2732 | D        | Noticed a titan
  2732 | D        | a shard shrike changed into a titan
  2732 | D        | Noticed a juggernaut
  2732 | D        | a shard shrike changed into a juggernaut
  2733 | D        | Noticed a shard shrike
  2734 | D        | Killed a shard shrike
  2734 | D        | Killed a shard shrike
  2734 | D        | Killed a shard shrike
  2734 | D        | Noticed a titan
  2734 | D        | a shard shrike changed into a titan
  2735 | D        | Reached XP level 16. HP: 174/174 MP: 13/25
  2737 | D        | Found a transporter.
  2737 | D        | Noticed a shard shrike
  2737 | D        | a titan changed into a shard shrike
  2737 | D        | Noticed an acid blob
  2737 | D        | a titan changed into an acid blob
  2739 | D        | Killed a juggernaut
  2739 | D        | Noticed a titan
  2739 | D        | a juggernaut changed into a titan
  2740 | D        | Killed a shard shrike
  2742 | D        | Killed an acid blob
  2742 | D        | Noticed a golden dragon
  2742 | D        | a titan changed into a golden dragon
  2743 | D        | Killed a golden dragon
  2951 | D        | Acquired the ring "Xikkick" {Wiz rF+ MR+ Dex+4}
  2959 | D        | Entered arena 23.
  2967 | D        | Noticed an acid blob
  2967 | D        | Noticed an acid blob
  2970 | D        | Killed an acid blob
  2970 | D        | Killed an acid blob
  2970 | D        | Noticed an acid blob
  2973 | D        | Found a transporter.
  2974 | D        | Killed an acid blob
  2975 | D        | Reached XP level 17. HP: 181/187 MP: 0/26
  3102 | D        | Entered arena 24.
  3108 | D        | Noticed a lich
  3109 | D        | Found the +2 hood of the Assassin {Detection Stab+ Stlth++}
  3112 | D        | Killed a lich
  3333 | D        | Found a transporter.
  3341 | D        | Entered arena 25.
  3349 | D        | Noticed a golden dragon
  3349 | D        | Noticed a quicksilver dragon
  3349 | D        | Noticed a quicksilver dragon
  3349 | D        | Noticed a golden dragon
  3349 | D        | Noticed a golden dragon
  3350 | D        | Noticed a golden dragon
  3351 | D        | Noticed a golden dragon
  3353 | D        | Killed a quicksilver dragon
  3354 | D        | Killed a quicksilver dragon
  3355 | D        | Reached skill level 27 in Long Blades
  3355 | D        | Reached skill level 15 in Invocations
  3355 | D        | Killed a golden dragon
  3355 | D        | Killed a golden dragon
  3356 | D        | Killed a golden dragon
  3356 | D        | Killed a golden dragon
  3356 | D        | Killed a golden dragon
  3357 | D        | Reached XP level 18. HP: 45/197 MP: 0/34
  3358 | D        | HP: 5/214 [iron dragon/spray of metal splinters (59)]
  3494 | D        | Found a transporter.
  3504 | D        | Entered arena 26.
  3514 | D        | Noticed an Ice Fiend
  3514 | D        | Noticed a shard shrike
  3514 | D        | Noticed a shard shrike
  3514 | D        | Noticed a shard shrike
  3516 | D        | Found the macabre finger necklace {rN+}
  3516 | D        | Killed a shard shrike
  3516 | D        | Killed a shard shrike
  3516 | D        | Killed a shard shrike
  3518 | D        | Killed an Ice Fiend
  3519 | D        | Reached skill level 27 in Invocations
  3733 | D        | Found the +2 cloak of the Thief {*Fog Slay-2 SInv Stlth+}
  3735 | D        | Found a transporter.
  3744 | D        | Entered arena 27.
  3755 | D        | Found the +3 salamander hide armour {Flames rF++ rC--}
  3768 | D        | Found a transporter.
  3891 | D        | Entered arena 28.
  3905 | D        | Reached skill level 27 in Fighting
  3908 | D        | Reached XP level 19. HP: 226/226 MP: 15/36
  3924 | D        | Found the +7 lajatang of Order {silver, rMut}
  3928 | D        | Found a transporter.
  4012 | D        | Got the Orb of Zot
  4017 | D        | Reached skill level 15 in Evocations
  4367 | D        | Escaped with the Orb!

Illustrated notes

Levels and vault maps discovered:
D:        sprint_v [room_start, room_1, room_2, room_3, room_4, room_5, room_6,
          room_7, room_8, room_9, room_10, room_11, room_12, room_13, room_14,
          room_15, room_16, room_17, room_18, room_19, room_20, room_21,
          room_22, room_23, room_24, room_25, room_26, room_27]

Skill      XL: |  1  2  3  4  5  6  7  8  9 10 11 12 13 14 15 16 17 18 19 |
---------------+----------------------------------------------------------+-----
Long Blades    | 4 7 9 10 12 15 16 19 22 25 27 | 27.0
Shields        | 3 6 8 9 |  9.0
Fighting       | 3 5 6 7 9 11 12 13 15 16 18 21 27 | 27.0
Armour         | 2 4 5 6 7 9 10 11 13 14 16 18 | 18.7
Dodging        | 3 4 5 6 8 9 10 12 13 14 16 18 | 18.8
Invocations    | 4 8 10 12 24 27 | 27.0
Spellcasting   | 5 |  5.0
Transmutations | 5 |  5.0
Evocations     | 12 15 | 15.9
Unarmed Combat | |  3.0

Action                   |  1- 3 |  4- 6 |  7- 9 | 10-12 | 13-15 | 16-18 | 19-21 || total
-------------------------+-------+-------+-------+-------+-------+-------+-------++-------
Melee: Double sword      |     8 |     6 |    16 |    23 |    51 |    15 |    11 ||   130
       Constrict         |       |       |       |       |     7 |     3 |     4 ||    14
 Cast: Wereblood         |       |       |       |     4 |    10 |     9 |     2 ||    25
Invok: Slouch            |       |       |     1 |     8 |    19 |    25 |     4 ||    57
 Abil: Spit Poison       |       |       |     1 |       |       |       |       ||     1
  Use: Potion            |       |       |       |     4 |       |     9 |     4 ||    17
       Scroll            |       |       |       |       |       |     3 |       ||     3
 Stab: Petrified         |       |       |       |       |       |       |     3 ||     3
Armor: Gold dragon scale |     1 |     4 |     5 |    35 |    68 |    71 |     4 ||   188
Dodge: Dodged            |       |       |     1 |    13 |    44 |    94 |     2 ||   154
Block: Kite shield       |     8 |    15 |    25 |    55 |   120 |   125 |    15 ||   363
       Rpst.: Double sword |       |       |       |     1 |     4 |    15 |     2 ||    22

Table legend: (Time is in decaauts)
 A = Elapsed time spent in this place.
 B = Non-inter-level travel time spent in this place.
 C = Inter-level travel time spent in this place.
 D = Time resting spent in this place.
 E = Time spent auto-exploring this place.
 F = Levels seen in this place.
 G = Mean time per level.
                   A        B        C        D        E       F      G
               +--------+--------+--------+--------+--------+-----+--------+
         Total |   5205 |   5205 |      0 |   3429 |    174 |   1 | 5205.0 |
       Dungeon |   5205 |   5205 |      0 |   3429 |    174 |   1 | 5205.0 |
               +--------+--------+--------+--------+--------+-----+--------+

Top non-repeatable levels by time:
       D: 5205 daAuts
